 Dungeon Crawl Stone Soup version 0.29.1-13-g9f3cf754e1 (webtiles) character file.

Game seed: 7601011521443246254

258 Exodus22XD the Chopper (level 5, 48/48 HPs)
             Began as a Minotaur Fighter on Feb 4, 2023.
             Was a Follower of Vehumet.
             Quit the game on level 3 of the Dungeon.
             The game lasted 00:03:52 (2781 turns).

Exodus22XD the Chopper (Minotaur Fighter)           Turns: 2781, Time: 00:03:53

Health: 48/48      AC: 11    Str: 22    XL:     5   Next: 94%
Magic:  4/4        EV:  9    Int:  5    God:    Vehumet [*.....]
Gold:   184        SH:  4    Dex: 10    Spells: 4/4 levels left

rFire   . . .      SeeInvis .   a - +0 war axe
rCold   . . .      Faith    .   c - +0 buckler
rNeg    . . .      Spirit   .   b - +0 scale mail
rPois   .          Reflect  .   (helmet restricted)
rElec   .          Harm     .   (no cloak)
rCorr   .          Rampage  .   k - +0 pair of gloves
Will    .....                   j - +2 pair of boots
Stlth   ..........              (no amulet)
HPRegen 0.16/turn               (no ring)
MPRegen 0.09/turn               (no ring)

@: no status effects
A: horns 2, retaliatory headbutt
a: Renounce Religion


You were on level 3 of the Dungeon.
You worshipped Vehumet.
Vehumet was aware of your devotion.
You visited 1 branch of the dungeon, and saw 3 of its levels.

You collected 184 gold pieces.

Inventory:

Hand Weapons
 a - a +0 war axe (weapon)
Armour
 b - a +0 scale mail (worn)
 c - a +0 buckler (worn)
 j - a +2 pair of boots (worn)
 k - a +0 pair of gloves (worn)
Scrolls
 f - a scroll of enchant weapon
 h - a scroll of vulnerability
 i - a scroll of teleportation {unknown}
Potions
 d - a potion of might
 e - a potion of magic {unknown}
 g - a potion of curing {unknown}


   Skills:
 + Level 5.0 Fighting
 + Level 5.3 Axes
 + Level 4.6 Armour
 + Level 4.5 Shields


You had 4 spell levels left.
You didn't know any spells.
Your spell library was empty.

Dungeon Overview and Level Annotations

Branches:
Dungeon (3/15)

Altars:
Makhleb
Vehumet

Shops:
D:1 [

Annotations:
D:2 Sigmund


Innate Abilities, Weirdness & Mutations

You have a pair of horns on your head.
You reflexively headbutt those who attack you in melee.


Message History

There is an open door here.
The orc shouts!
Things that are here:
a +0 whip; 9 gold pieces An orc is nearby!
There is a burning altar of Makhleb here.
An orc is nearby!
You hit the orc but do no damage. Your headbutt misses the orc.
The orc hits you but does no damage.
An orc is nearby!
You barely miss the orc. You block the orc's attack.
You slash the orc!
You kill the orc!
You now have 184 gold pieces (gained 9).
You see here a +0 whip.
You open the door.
There is an open door here.
There is an open door here.
There is a burning altar of Makhleb here.
You see here a book of Spatial Translocations.
There is an open door here.
The golden eye turns its gaze towards you.
Found a dagger.
No reachable target in view!
Found a faded altar of an unknown god.
No reachable target in view!
The eye of devastation turns its gaze towards you.
The golden eye turns its gaze towards you.
The floating eye turns its gaze towards you.
Key pressed, stopping explore.
No reachable target in view!
There is a faded altar of an unknown god here.
You cannot tell which god this altar belongs to.
Convert to them anyway?
Vehumet accepts your prayer! Vehumet welcomes you!
You can now gain magical power from killing.
Vehumet offers you knowledge of Shock.
Are you sure you want to abandon this character and quit the game? (Confirm with "yes".)
Okay, then.
Are you sure you want to abandon this character and quit the game? (Confirm with "yes".)

# ..# #.#
###.#### #.#
....# ##.###
#...#####....#
#............#
#.###...###..#
#G#...#G#..#
#.###...###.##
#.)..@......#
#....._.....#
#...........#
#.###...###.#
#.#G#...#G#.#
# ###...### #
..... ....##
.#####


You could see an eye of devastation, a floating eye and 2 golden eyes.

Vanquished Creatures
  A scorpion (D:3)
  An orc priest (D:2)
  Ijyb (D:3)
  Terence (D:3)
  3 adders
  2 worms
  A dart slug (D:1)
  7 orcs
  7 ball pythons
  5 bats
  9 endoplasms
  3 giant cockroaches (D:1)
  5 goblins
  9 hobgoblins
  3 jackals (D:2)
  2 quokkas
  5 frilled lizards
  2 kobolds
  8 rats
75 creatures vanquished.

Notes
Turn   | Place    | Note
-------+----------+-------------------------------------------
     0 | D:1      | Exodus22XD the Minotaur Fighter began the quest for the
                  | Orb.
     0 | D:1      | Reached XP level 1. HP: 19/19 MP: 0/0
   129 | D:1      | Reached XP level 2. HP: 27/27 MP: 1/1
   497 | D:1      | Found Ukhlup's Antique Armour Boutique.
   506 | D:1      | Reached XP level 3. HP: 31/33 MP: 2/2
  1365 | D:2      | Reached XP level 4. HP: 8/41 MP: 3/3
  1655 | D:2      | Noticed Sigmund
  1888 | D:3      | Noticed Terence
  1893 | D:3      | Killed Terence
  1894 | D:3      | Reached XP level 5. HP: 39/47 MP: 4/4
  1932 | D:3      | Reached skill level 5 in Axes
  2344 | D:3      | Noticed Ijyb
  2359 | D:3      | Killed Ijyb
  2360 | D:3      | Reached skill level 5 in Fighting
  2721 | D:3      | Found a burning altar of Makhleb.
  2765 | D:3      | Noticed a golden eye
  2770 | D:3      | Found a faded altar of an unknown god.
  2772 | D:3      | Noticed an eye of devastation
  2772 | D:3      | Noticed a golden eye
  2772 | D:3      | Noticed a floating eye
  2779 | D:3      | Prayed at the altar of an unknown god.
  2779 | D:3      | Became a worshipper of Vehumet
  2779 | D:3      | Reached * piety under Vehumet
  2779 | D:3      | Offered knowledge of Shock by Vehumet.
  2781 | D:3      | Quit the game

Illustrated notes

Levels and vault maps discovered:
D:1:      elethiomel_arrival_fortress_basement, layout_basic, serial_shops,
          nicolae_shop_waterfront, nicolae_titane
D:2:      cheibrodos_pilgrimage, layout_rooms, uniq_sigmund
D:3:      layout_loops_ring, mainiacjoe_overflow_six_doors_small,
          nemelex_dance_club_becter, hellmonk_ecumenical_altar_watching_god,
          st_stairs_7, minmay_misc_feat_diagonals, hangedman_feature_mirror,
          serial_park_tiny_2, corner_web_ring, uniq_ijyb, uniq_terence

Skill      XL: |  1  2  3  4  5 |
---------------+----------------+-----
Fighting       | 4 5 |  5.0
Armour         | 4 |  4.6
Shields        | 4 |  4.5
Axes           | 3 4 5 |  5.3

Action                   |  1- 3 |  4- 6 || total
-------------------------+-------+-------++-------
Melee: War axe           |    83 |    63 ||   146
       Headbutt          |    12 |     6 ||    18
  Use: Scroll            |       |     3 ||     3
       Potion            |       |     2 ||     2
Armor: Scale mail        |    47 |    37 ||    84
Dodge: Dodged            |    34 |    26 ||    60
Block: Buckler           |    19 |     9 ||    28
